 Dungeon Crawl Stone Soup version 0.27-a0-1595-g0b823d0a13 (webtiles) character file.

Game seed: 6531375300346789061

749 zero the Conjurer (level 7, -9/41 HPs)
             Began as a Gargoyle Conjurer on July 20, 2021.
             Blown up by Pikel (32 damage)
             ... with a mindburst bolt
             ... on level 4 of the Dungeon.
             The game lasted 00:05:45 (5187 turns).

zero the Conjurer (Gargoyle Conjurer)               Turns: 5187, Time: 00:05:45

Health: -9/41      AC: 12    Str: 10    XL:     7   Next: 78%
Magic:  15/21      EV: 11    Int: 21    God:
Gold:   105        SH:  0    Dex:  8    Spells: 6/13 levels left

rFire    . . .     SeeInvis .   a - +2 trident (vamp)
rCold    . . .     Faith    .   (no shield)
rNeg     + . .     Spirit   .   k - +2 animal skin
rPois    ∞         Reflect  .   l - +0 helmet
rElec    +         Harm     .   (no cloak)
rCorr    .         Rampage  .   g - +2 pair of gloves
Will     .....                  (no boots)
Stlth    ++........             (no amulet)
HPRegen  0.13/turn              r - ring of magical power
MPRegen  0.17/turn              (no ring)

@: no status effects
A: sickness immunity, AC +4, negative energy resistance 1, electricity
resistance, torment resistance 1, petrification resistance
a: no special abilities


You were on level 4 of the Dungeon.
You visited 1 branch of the dungeon, and saw 4 of its levels.

You collected 105 gold pieces.

Inventory:

Hand Weapons
 a - a +2 vampiric trident (weapon)
 b - a +2 short sword of venom
Missiles
 c - 165 stones
 o - 2 throwing nets
Armour
 g - a +2 pair of gloves (worn)
 k - a +2 animal skin (worn)
 l - a +0 helmet (worn)
Jewellery
 r - a ring of magical power (left hand)
Wands
 q - a wand of mindburst (15)
Scrolls
 d - a scroll of teleportation {unknown}
 i - a scroll of noise {unknown}
 m - 2 scrolls of identify {unknown}
Potions
 e - a potion of lignification {unknown}
 f - a potion of curing {unknown}
 h - a potion of heal wounds
 j - a potion of brilliance {unknown}
 n - 2 potions of cancellation {unknown}
 p - 2 potions of invisibility {unknown}
 s - 2 potions of ambrosia {unknown}


   Skills:
 - Level 3.0 Fighting
 - Level 1.5 Dodging
 - Level 4.0 Stealth
 + Level 3.5 Spellcasting
 + Level 7.7 Conjurations
 + Level 2.2 Translocations


You had 6 spell levels left.
You knew the following spells:

 Your Spells              Type           Power      Damage    Failure   Level
a - Magic Dart            Conj           100%       1d8       1%          1
b - Searing Ray           Conj           72%        3d6       1%          2
c - Iskenderun's Mystic   Conj/Tloc      24%        2d7       16%         4

Your spell library contained the following spells:

 Spells                   Type           Power      Damage    Failure   Level
 Dazzling Flash           Conj/Hex       40%        N/A       8%          3
 Passwall                 Tmut/Erth      2%         N/A       19%         2
 Portal Projectile        Hex/Tloc       16%        N/A       24%         3
 Fulminant Prism          Conj/Hex       10%        3d9       26%         4
 Call Canine Familiar     Summ           3%         N/A       36%         3
 Swiftness                Air            3%         N/A       36%         3
 Leda's Liquefaction      Hex/Erth       1%         N/A       77%         4
 Invisibility             Hex            1%         N/A       100%        6


Dungeon Overview and Level Annotations

Branches:
Dungeon (4/15)
 Temple: D:4-7

Altars:
Cheibriados
Kikubaaqudgha

Annotations:
D:4 Pikel


Innate Abilities, Weirdness & Mutations

You are immune to sickness and miasma.
Your stone body is resilient. (AC +4)
You are immune to poison.
You resist negative energy. (rN+)
You are resistant to electric shocks. (rElec)
You are resistant to unholy torment.
You are immune to petrification.


Message History

The magic dart hits the lemure.
The lemure is lightly wounded.
A lemure comes into view.
The lemure barely misses you.
Casting: Magic Dart (safe; 1% risk of failure)
Confirm with . or Enter, or press ? or * to list all spells.
Aiming: Searing Ray (safe; 1% risk of failure)
Press: ? - help, Shift-Dir - straight line, f/p - lemure
Aim: a lemure (lightly wounded, 76% to hit)
The searing ray hits the lemure!
The lemure is heavily wounded. (Press . to maintain the ray.)
The lemure completely misses you.
The searing ray hits the lemure!
The lemure is severely wounded.
The searing ray hits the lemure!
The lemure is moderately wounded.
The searing ray hits the kobold!
You kill the kobold!
The lemure hits you but does no damage.
Pikel hits you with a +2 whip of flaming.
Pikel burns you.
The searing ray hits the lemure!
You kill the lemure!
That felt strangely unrewarding.
The searing ray misses the lemure.
The searing ray hits the lemure.
The lemure is lightly wounded.
Pikel hits you with a +2 whip of flaming!
Pikel burns you.
The searing ray hits the lemure.
The lemure is heavily wounded.
The searing ray hits the lemure!
The lemure is moderately wounded.
The searing ray hits the lemure.
The lemure is moderately wounded.
You finish channeling your searing ray.
The lemure misses you.
Pikel zaps a wand.
You struggle to resist.
The lemure hits you.
Pikel zaps a wand.
Your mind is blasted!
Ouch! That really hurt!
You die...

#........
#..#
#.##.....
#..# # ......
#..# .......
#.)# ##..#
#.55# #.K5#
####
#..@##...##
#...#...[.#..
#.........#..
#...#....#...
#...#####..#
#...####....
#...#....#
###....#
##...##


You could see Pikel and 3 lemures.

Vanquished Creatures
  Sigmund (D:2)
  Edmund (D:4)
  A water moccasin (D:3)
  A lemure (D:4)
  A bullfrog (D:3)
  A scorpion (D:4)
  A howler monkey (D:4)
  An orc priest (D:3)
  An iguana (D:3)
  Terence (D:2)
  Robin (D:2)
  3 adders (D:2)
  A worm (D:2)
  11 orcs (D:3)
  7 ball pythons
  7 endoplasms
  3 giant cockroaches
  12 goblins
  11 hobgoblins
  5 jackals
  3 quokkas
  5 bats
  3 frilled lizards (D:1)
  6 kobolds
  4 rats
92 creatures vanquished.

Notes
Turn   | Place    | Note
-------+----------+-------------------------------------------
     0 | D:1      | zero the Gargoyle Conjurer began the quest for the Orb.
     0 | D:1      | Reached XP level 1. HP: 10/10 MP: 3/3
   219 | D:1      | Reached skill level 1 in Fighting
   219 | D:1      | Reached XP level 2. HP: 12/16 MP: 5/5
   298 | D:1      | Learned a level 2 spell: Searing Ray
   997 | D:1      | Reached XP level 3. HP: 17/21 MP: 3/6
  1224 | D:1      | Reached skill level 5 in Conjurations
  1518 | D:2      | Noticed Robin
  1562 | D:2      | Killed Robin
  1688 | D:2      | Noticed Terence
  1699 | D:2      | Killed Terence
  1700 | D:2      | Reached XP level 4. HP: 25/27 MP: 0/7
  1938 | D:2      | Noticed Sigmund
  1950 | D:2      | Killed Sigmund
  1951 | D:2      | Reached skill level 7 in Conjurations
  1951 | D:2      | Reached XP level 5. HP: 25/32 MP: 1/8
  1951 | D:2      | Reached XP level 6. HP: 29/37 MP: 1/9
  2180 | D:2      | Found a faded altar of an unknown god.
  2747 | D:2      | Learned a level 4 spell: Iskenderun's Mystic Blast
  3216 | D:3      | Found an ancient bone altar of Kikubaaqudgha.
  3347 | D:3      | Found a snail-covered altar of Cheibriados.
  3522 | D:3      | Reached skill level 1 in Translocations
  3549 | D:3      | Reached XP level 7. HP: 30/41 MP: 5/11
  4361 | D:4      | Noticed Edmund
  4392 | D:4      | HP: 2/41 [Edmund (1)]
  4419 | D:4      | Killed Edmund
  5179 | D:4      | Noticed Pikel
  5187 | D:4      | Blown up by Pikel

Illustrated notes

Levels and vault maps discovered:
D:1:      dpeg_arrival_arbitrary_b, layout_basic
D:2:      layout_basic, shapermc_ecumenical_altar_flowoftime, uniq_robin,
          uniq_sigmund, uniq_terence
D:3:      layout_basic, kiku_gazebo_pond_becter, lemuel_doored_altar
D:4:      layout_cave_pods, marbit_many_paths, uniq_edmund, uniq_pikel

Skill      XL: |  1  2  3  4  5  6  7 |
---------------+----------------------+-----
Fighting       | 1 2 3 |  3.0
Conjurations   | 5 7 |  7.7
Stealth        | 3 4 |  4.0
Translocations | 1 2 |  2.2
Spellcasting   | 3 |  3.5
Dodging        | |  1.5

Action                   |  1- 3 |  4- 6 |  7- 9 || total
-------------------------+-------+-------+-------++-------
Melee: Short sword       |    32 |    12 |       ||    44
       Unarmed           |     2 |       |       ||     2
       Trident           |       |     6 |    32 ||    38
 Cast: Magic Dart        |    51 |    47 |    28 ||   126
       Searing Ray       |     2 |    11 |     8 ||    21
  Use: Potion            |       |       |     1 ||     1
 Stab: Sleeping          |       |     1 |     1 ||     2
Armor: Robe              |    16 |       |       ||    16
       Animal skin       |     1 |    20 |    16 ||    37
Dodge: Dodged            |    31 |    17 |    22 ||    70

Table legend: (Time is in decaauts)
 A = Elapsed time spent in this place.
 B = Non-inter-level travel time spent in this place.
 C = Inter-level travel time spent in this place.
 D = Time resting spent in this place.
 E = Time spent auto-exploring this place.
 F = Levels seen in this place.
 G = Mean time per level.
                   A        B        C        D        E       F      G
               +--------+--------+--------+--------+--------+-----+--------+
         Total |   5206 |   4933 |    273 |   1146 |   3143 |   4 | 1301.5 |
       Dungeon |   5206 |   4933 |    273 |   1146 |   3143 |   4 | 1301.5 |
               +--------+--------+--------+--------+--------+-----+--------+

Top non-repeatable levels by time:
     D:3: 1511 daAuts
     D:1: 1474 daAuts
     D:2: 1386 daAuts
     D:4: 834 daAuts
